 Dungeon Crawl Stone Soup version 0.31-a0-795-g5eb97db20b (webtiles) character file.

Game seed: 15616760374383130034

3579 Newt the Basher (level 9, -3/74 HPs)
             Began as a Demonspawn Gladiator on Sept 18, 2023.
             Was a Follower of Makhleb.
             Slain by a skeletal warrior
             ... wielding a +0 battleaxe
              (9 damage)
             ... on level 8 of the Dungeon.
             The game lasted 00:09:44 (8448 turns).

Newt the Basher (Demonspawn Gladiator)              Turns: 8448, Time: 00:09:45

Health: -3/74      AC: 12    Str: 18    XL:     9   Next: 84%
Magic:  9/9        EV: 12    Int: 11    God:    Makhleb [*.....]
Gold:   840        SH:  0    Dex: 16    Spells: 8/8 levels left

rFire   . . .        Q - +4 halberd
rCold   . . .        (shield currently unavailable)
rNeg    . . .        B - +3 ring mail
rPois   .            c - +0 helmet
rElec   .            j - +0 cloak
rCorr   .            (no gloves)
SInv    .            w - +0 pair of boots
Will    .....        i - amulet of regeneration
Stlth   +            M - +4 ring of slaying
HPRegen 1.12/turn    (no ring)
MPRegen 0.11/turn

%: no passive effects
@: no status effects
A: demonic guardian 1, foul stench 1, big brain 1, demonic touch 2
a: Renounce Religion


You were on level 8 of the Dungeon.
You worshipped Makhleb.
Makhleb was aware of your devotion.
You visited 2 branches of the dungeon, and saw 9 of its levels.
You also visited: Ossuary and Bailey.

You collected 1183 gold pieces.
You spent 343 gold pieces at shops.

Inventory:

Hand Weapons
 a - a +0 rapier
 k - the +1 hammer "Ziock" {heavy, rPois}
   (You found it on level 3 of the Dungeon)

   rPois:     It protects you from poison
 s - a +0 lajatang
 Q - a +4 halberd (weapon)
Missiles
 d - 2 throwing nets (quivered)
 e - 9 javelins
 o - 10 poisoned darts
 x - 13 boomerangs
Armour
 b - a +0 leather armour
 c - a +0 helmet (worn)
 j - a +0 cloak (worn)
 l - a +0 buckler
 w - a +0 pair of boots (worn)
 B - a +3 ring mail (worn)
 S - a +2 ring mail of willpower
Jewellery
 i - an amulet of regeneration (around neck)
 n - a ring of ice
 L - an amulet of the acrobat
 M - a +4 ring of slaying (left hand)
Wands
 f - a wand of iceblast (13)
 v - a wand of flame (15)
 R - a wand of mindburst (9)
Scrolls
 g - a scroll of amnesia
 p - 2 scrolls of poison
 r - 2 scrolls of fear {unknown}
 t - a scroll of teleportation
 u - 2 scrolls of immolation
 y - 2 scrolls of noise {unknown}
 A - 2 scrolls of enchant weapon {unknown}
 H - a scroll of vulnerability {unknown}
 J - a scroll of blinking
 K - a scroll of fog
Potions
 h - 4 potions of curing
 m - 4 potions of magic
 q - a potion of attraction
 z - 8 potions of resistance
 C - 9 potions of degeneration
 D - 3 potions of cancellation
 E - 2 potions of brilliance
 F - 3 potions of invisibility
 G - a potion of mutation
 I - a potion of lignification
 N - 3 potions of might {unknown}
 O - 2 potions of heal wounds {unknown}
 P - a potion of experience {unknown}


   Skills:
 - Level 8.0 Fighting
 - Level 2.6 Short Blades
 + Level 8.3 Maces & Flails
 - Level 1.7 Throwing
 - Level 4.0 Armour
 - Level 4.0 Dodging
 - Level 5.0 Evocations


You had 8 spell levels left.
You didn't know any spells.
Your spell library contained the following spells:

 Spells                   Type           Power      Damage    Failure   Level
 Static Discharge         Conj/Air       0%         2-2/arc   67%         2
 Airstrike                Air            0%         2d(0-16)  99%         4
 Summon Lightning Spire   Summ/Air       0%         N/A       99%         4
 Vhi's Electric Charge    Tloc/Air       0%         N/A       99%         4
 Arcjolt                  Conj/Air       0%         1d10      100%        5
 Plasma Beam              Fire/Air       0%         2x1d10    100%        6


Dungeon Overview and Level Annotations

Branches:
Dungeon (8/15)             Temple (1/1) D:7         Ossuary (visited)
 Bailey (visited)
   Lair: D:8-11

Altars:
Ashenzari
Cheibriados
Dithmenos
Fedhas
Gozag
Hepliaklqana
Kikubaaqudgha
Makhleb
Nemelex Xobeh
Okawaru
Qazlal
Ru
Sif Muna
Trog
Uskayaw
Wu Jian
Xom
Yredelemnul

Shops:
D:1 **![   D:4 :


Innate Abilities, Weirdness & Mutations

A weak demonic guardian rushes to your aid.
You may rarely emit foul miasma when damaged in melee.
You have an unusually large brain. (Int +2)
Your touch may inflict irresistible damage on your foes.


Message History

The puff of flame hits you!
The orc wizard struggles against the net.
You slash the orc wizard!
The orc wizard is almost dead.
The orc wizard struggles against the net.
The net rips apart, and the orc wizard comes free!
You hit the orc wizard.
You kill the orc wizard!
Makhleb accepts your kill.
You can now gain health from killing.
Unknown command.
Throw: 3 throwing nets
Press: ? - help, Q - select action, (/) - cycle Shift-Dir - straight line, f - skeletal warrior
Aim: a skeletal warrior, wielding a +0 battleaxe and wearing a +0 robe (moderately damaged, 66% to hit)
You throw a throwing net.
The throwing net hits the skeletal warrior.
The skeletal warrior is caught in the net!
The skeletal warrior is moderately damaged.
The skeletal warrior struggles against the net.
You puncture the skeletal warrior!
The skeletal warrior is moderately damaged.
The skeletal warrior struggles against the net. x2
An orc comes into view. It is wielding a +0 club.
The orc shouts!
You slash the skeletal warrior!
The skeletal warrior is severely damaged.
The skeletal warrior struggles against the net.
You hit the skeletal warrior.
The skeletal warrior is severely damaged.
The skeletal warrior struggles against the net. x2
The net rips apart, and the skeletal warrior comes free!
You barely miss the skeletal warrior.
The skeletal warrior is heavily damaged.
The skeletal warrior hits you with a +0 battleaxe!
You puncture the skeletal warrior!
The skeletal warrior is severely damaged.
The skeletal warrior hits you with a +0 battleaxe!!
* * * LOW HITPOINT WARNING * * *
A demonic guardian appears!
The skeletal warrior hits you with a +0 battleaxe!
You die...

..#.....
###.#))#.#
..#.#..#.#
#.#.#..)<#
#o#.#..###
#o#.#o.#####.
#.#o#))).....#
#o#z#.......#
#z#@#.#.#####
#.#5#...#
#.#.#.###
..#.#.#
###.#.. ..#.#
###


You could see a skeletal warrior (ally target), 2 orcs and a friendly white imp
(summoned).

Vanquished Creatures
  Pikel (D:4)
  Grinder (D:3)
  Sigmund (D:3)
  A black bear (D:4)
  2 orc warriors
  An ice beast (D:7)
  A sky beast (D:6)
  3 phantoms
  Blork the orc (D:4)
  2 elf zombies (Ossuary)
  A lemure (D:4)
  A scorpion (D:5)
  A gnoll sergeant (D:6)
  A killer bee (D:8)
  A lava snake (D:7)
  3 jellies
  A centaur zombie (Ossuary)
  Crazy Yiuf (D:3)
  3 gnoll boudas
  2 orc priests
  5 hounds
  2 iguanas
  3 sleepcaps
  Jessica (D:2)
  13 orc wizards
  2 mummies (Ossuary)
  32 gnolls
  9 adders
  2 shadow imps
  2 white imps
  2 ufetubi
  3 adder zombies (Ossuary)
  2 worms
  2 dart slugs (D:1)
  42 orcs
  5 ball pythons
  3 endoplasms
  6 goblins
  11 hobgoblins
  3 jackals (D:3)
  4 quokkas
  A bat (D:1)
  4 frilled lizards
  A goblin zombie (D:6)
  8 hobgoblin zombies (Ossuary)
  2 jackal zombies (Ossuary)
  5 kobolds
  9 kobold zombies (Ossuary)
  7 orc zombies (Ossuary)
  9 rats
  3 rat zombies
232 creatures vanquished.

Vanquished Creatures (collateral kills)
  An ogre (D:3)
  Terence (D:2)
  2 gnolls
  An adder zombie (Ossuary)
  A dart slug (D:4)
  2 kobold zombies (Ossuary)
8 creatures vanquished.

Grand Total: 240 creatures vanquished

Notes
Turn   | Place    | Note
-------+----------+-------------------------------------------
     0 | D:1      | Newt the Demonspawn Gladiator began the quest for the Orb.
     0 | D:1      | Reached XP level 1. HP: 16/16 MP: 1/1
    57 | D:1      | Found Zeoce's Distillery.
    88 | D:1      | Gained mutation: A weak demonic guardian rushes to your
                  | aid. [demonic ancestry]
    88 | D:1      | Reached XP level 2. HP: 22/23 MP: 2/2
    96 | D:1      | Found Vuodyde's Assorted Antiques.
   139 | D:1      | Found Mydoeh's Armour Emporium.
   611 | D:1      | Found Mopicwo's General Store.
   800 | D:2      | Gained mutation: You have an unusually large brain. (Int
                  | +2) [demonic ancestry]
   800 | D:2      | Reached XP level 3. HP: 26/30 MP: 3/3
   926 | D:2      | Noticed Terence
   954 | D:2      | Killed Terence
  1330 | D:2      | Gained mutation: Your touch may inflict minor irresistible
                  | damage on your foes. [demonic ancestry]
  1330 | D:2      | Reached XP level 4. HP: 38/38 MP: 4/4
  1451 | D:2      | Noticed Jessica
  1455 | D:2      | Killed Jessica
  1907 | D:3      | Reached skill level 5 in Fighting
  1918 | D:3      | Identified a scroll of acquirement
  1918 | D:3      | Acquired 796 gold pieces
  1949 | D:3      | Gained mutation: You may rarely emit foul miasma when
                  | damaged in melee. [demonic ancestry]
  1949 | D:3      | Reached XP level 5. HP: 27/44 MP: 5/5
  2030 | D:3      | Found a runed translucent door.
  2031 | D:3      | Noticed Crazy Yiuf
  2147 | D:3      | Found a faded altar of an unknown god.
  2282 | D:3      | Noticed an ogre
  2292 | D:3      | Killed an ogre
  2293 | D:3      | Reached skill level 1 in Maces & Flails
  2797 | D:3      | Noticed Grinder
  2825 | D:3      | Killed Grinder
  2826 | D:3      | Reached XP level 6. HP: 51/51 MP: 6/6
  2845 | D:3      | Noticed Sigmund
  2850 | D:3      | Killed Sigmund
  2851 | D:3      | Reached XP level 7. HP: 53/56 MP: 7/7
  3305 | D:3      | Killed Crazy Yiuf
  3311 | D:3      | Identified the +1 hammer "Ziock" {heavy, rPois}
  3400 | D:4      | Reached skill level 5 in Maces & Flails
  3652 | D:4      | Found Fotapeh's Tremendous Tomes.
  3715 | D:4      | Noticed Pikel
  3722 | D:4      | Killed Pikel
  3723 | D:4      | Reached skill level 1 in Armour
  3723 | D:4      | Gained mutation: Your touch may inflict irresistible damage
                  | on your foes. [demonic ancestry]
  3723 | D:4      | Reached XP level 8. HP: 32/68 MP: 8/8
  4340 | D:4      | Noticed Blork the orc
  4349 | D:4      | Killed Blork the orc
  4528 | D:5      | Entered Level 5 of the Dungeon
  4758 | D:5      | Reached skill level 1 in Evocations
  5316 | D:5      | Reached XP level 9. HP: 65/73 MP: 9/9
  5636 | D:1      | Bought a potion of degeneration for 14 gold pieces
  5636 | D:1      | Bought a potion of curing for 42 gold pieces
  5636 | D:1      | Bought a potion of cancellation for 112 gold pieces
  5636 | D:1      | Bought 2 potions of brilliance for 112 gold pieces
  5646 | D:1      | Bought a scroll labelled KIQAT YRACAS for 23 gold pieces
  5646 | D:1      | Bought a sapphire potion for 20 gold pieces
  5646 | D:1      | Bought an amethyst potion for 20 gold pieces
  5835 | D:6      | Found a sand-covered staircase.
  5843 | Ossuary  | Entered an ossuary
  5978 | Ossuary  | Reached skill level 5 in Evocations
  7220 | D:7      | Found a flagged portal.
  7231 | Bailey   | Entered a bailey
  7904 | D:7      | Found a staircase to the Ecumenical Temple.
  7956 | Temple   | Entered the Ecumenical Temple
  7962 | Temple   | Became a worshipper of Makhleb the Destroyer
  8173 | D:7      | Found a shimmering blue altar of Sif Muna.
  8427 | D:8      | Noticed a skeletal warrior
  8442 | D:8      | Reached * piety under Makhleb
  8448 | D:8      | Slain by a skeletal warrior

Illustrated notes

Levels and vault maps discovered:
D:1:      evilmike_arrival_fibonacci_small, layout_basic, serial_shops,
          nicolae_shop_just_a_little_nook, nicolae_shop_hallway_stairs, shop,
          shop, minmay_bisected
D:2:      layout_basic, minmay_increasing_density, uniq_jessica, uniq_terence
D:3:      layout_basic, shapermc_ecumenical_altar_gd, uniq_crazy_yiuf_cottage,
          uniq_sigmund, uniq_grinder
D:4:      layout_loops_ring, nicolae_shop_i_like_big_books,
          roderic_roman_lattice, uniq_blork_the_orc, uniq_pikel
D:5:      cheibrodos_quashed, layout_loops_corners, minmay_misc_feat_ornament,
          minivault_4, grunt_tough_drop
D:6:      layout_gridville, enter_ossuary_4
D:7:      layout_loops_corners, led_sif_book, minmay_temple_entry_junction,
          enter_bailey_7, grunt_decor_junction, st_stairs_12
D:8:      minmay_distorted_concentric_squares, layout_loops_ring,
          nicolae_underground_beach
Temple:   nicolae_temple_bog_church

Skill      XL: |  1  2  3  4  5  6  7  8  9 |
---------------+----------------------------+-----
Fighting       | 3 4 5 8 |  8.0
Dodging        | 3 4 |  4.0
Maces & Flails | 3 4 5 8 |  8.3
Armour         | 1 4 |  4.0
Evocations     | 3 5 |  5.0
Short Blades   | |  2.6
Throwing       | |  1.7

Action                     |  1- 3 |  4- 6 |  7- 9 || total
---------------------------+-------+-------+-------++-------
  Melee: Rapier            |   127 |       |       ||   127
         Lajatang          |    14 |    78 |     3 ||    95
         Mace              |       |       |   342 ||   342
         Touch             |       |       |    52 ||    52
         Punch             |       |       |     5 ||     5
         Halberd           |       |       |    72 ||    72
  Throw: Throwing net      |       |     1 |     4 ||     5
         Javelin           |       |       |     1 ||     1
  Evoke: Wand              |       |       |     2 ||     2
    Use: Scroll            |       |     7 |     7 ||    14
         Potion            |       |       |     1 ||     1
   Stab: Sleeping          |     1 |       |     1 ||     2
         Held in net/web   |       |       |     1 ||     1
 Armour: Leather armour    |    54 |    57 |   114 ||   225
         Ring mail         |       |       |   386 ||   386
  Dodge: Dodged            |    98 |    63 |   549 ||   710
  Block: Buckler           |    10 |       |       ||    10

Table legend: (Time is in decaauts)
 A = Elapsed time spent in this place.
 B = Non-inter-level travel time spent in this place.
 C = Inter-level travel time spent in this place.
 D = Time resting spent in this place.
 E = Time spent auto-exploring this place.
 F = Levels seen in this place.
 G = Mean time per level.
                   A        B        C        D        E       F      G
               +--------+--------+--------+--------+--------+-----+--------+
         Total |   8769 |   8207 |    562 |   1563 |   4903 |  11 |  797.2 |
       Dungeon |   7982 |   7421 |    561 |   1396 |   4613 |   8 |  997.8 |
        Temple |     12 |     12 |      0 |      0 |      0 |   1 |   12.0 |
       Ossuary |    256 |    256 |      0 |      0 |     90 |   1 |  256.0 |
        Bailey |    517 |    517 |      0 |    167 |    200 |   1 |  517.0 |
               +--------+--------+--------+--------+--------+-----+--------+

Top non-repeatable levels by time:
     D:3: 1497 daAuts
     D:2: 1278 daAuts
     D:4: 1277 daAuts
     D:5: 1267 daAuts
     D:7: 1189 daAuts
     D:1: 758 daAuts
     D:6: 606 daAuts
  Bailey: 517 daAuts
 Ossuary: 256 daAuts
     D:8: 107 daAuts
  Temple: 12 daAuts
